 Dungeon Crawl Stone Soup version 0.28-a0-1406-ga8dd43b1d0 (webtiles) character file.

Game seed: 2567355336626063257

114690 Cheeritup the Wrestler (level 16, 0/150 (158) HPs)
             Began as a Troll Monk on Jan 5, 2022.
             Was an Elder of Okawaru.
             Slain by a tarantella (1 damage)
             ... on level 1 of the Spider Nest on Jan 6, 2022.
             The game lasted 04:02:12 (31363 turns).

Cheeritup the Wrestler (Troll Monk)                Turns: 31363, Time: 04:02:12

HP:   0/150 (158)   AC: 20    Str: 29    XL:     16   Next: 16%
MP:   22/22         EV: 12    Int:  6    God:    Okawaru [****..]
Gold: 1929          SH:  0    Dex: 12    Spells: 13/15 levels left

rFire   x . .      SeeInvis .     - Unarmed
rCold   + + .      Faith    .   z - orb {*Rage}
rNeg    . . .      Spirit   .   J - +0 ice dragon scales
rPois   +          Reflect  .   I - +2 hat {Will+}
rElec   .          Harm     .   y - scarf {repulsion}
rCorr   +          Rampage  +   (gloves unavailable)
Will    ++...      Rage     20% (boots unavailable)
Stlth   ..........              Q - amulet of Jisupino {Rampage rPois rC- Regen+ rCorr}
HPRegen 1.95/turn               n - +4 ring of protection
MPRegen 0.18/turn               R - ring of protection from cold

@: confused, lethally poisoned (0 -> 0), heroic, on berserk cooldown, slowed,
drained, repel missiles, very slow
A: large, unfitting armour, claws 3, regeneration 1, shaggy fur 1, tough skin 1
a: Renounce Religion, Heroism, Finesse


You were on level 1 of the Spider Nest.
You worshipped Okawaru.
Okawaru was greatly pleased with you.
You visited 6 branches of the dungeon, and saw 28 of its levels.
You also visited: Gauntlet and Ice Cave.

You collected 4402 gold pieces.
You spent 2473 gold pieces at shops.

Inventory:

Missiles
 s - 3 curare-tipped darts
 u - 13 atropa-tipped darts
 A - 6 silver boomerangs
 C - 11 datura-tipped darts
 F - 11 silver javelins
 P - 10 large rocks (quivered)
Armour
 a - +0 swamp dragon scales
 d - a +2 robe of willpower
 t - the +3 robe of Clouds {*Thunder rCloud rElec}
   (Okawaru gifted it to you on level 14 of the Dungeon)

   It occasionally creates storm clouds above nearby enemies.
   It grants its wearer immunity to clouds.
   rElec:     It insulates you from electricity.
 x - +0 gold dragon scales
 y - a scarf of repulsion (worn)
 z - an orb of wrath (worn)
 E - a +1 robe of cold resistance
 G - a +0 robe of positive energy
 H - a +0 troll leather armour
 I - a +2 hat of willpower (worn)
 J - +0 ice dragon scales (worn)
 W - a +0 cloak of preservation
Jewellery
 c - a +4 ring of evasion
 g - a ring of resist corrosion
 n - a +4 ring of protection (left claw)
 D - a ring of flight
 Q - the amulet of Jisupino (around neck) {Rampage rPois rC- Regen+ rCorr}
   (You found it in an ice cave)

   [amulet of regeneration]

   rC:        It makes you vulnerable to cold.
   rPois:     It protects you from poison.
   Regen:     It increases your rate of health regeneration.
   rCorr:     It protects you from acid and corrosion.
   Rampage:   It bestows one free step when moving towards enemies.
 R - a ring of protection from cold (right claw)
 T - an amulet of guardian spirit
Wands
 e - a wand of acid (6)
 j - a wand of polymorph (6)
 k - a wand of flame (74)
 w - a wand of iceblast (15)
 N - a wand of paralysis (7)
 Z - a wand of mindburst (7)
Scrolls
 h - 8 scrolls of teleportation
 r - a scroll of fear
 v - a scroll of holy word
 K - 6 scrolls of fog
 X - a scroll of silence
 Y - a scroll of magic mapping
Potions
 b - a potion of heal wounds
 f - 4 potions of mutation
 i - 2 potions of berserk rage
 l - a potion of brilliance {unknown}
 m - 3 potions of cancellation
 o - 8 potions of curing
 p - 3 potions of haste
 q - a potion of resistance
 S - 3 potions of invisibility
Miscellaneous
 B - a phial of floods
 L - a condenser vane
 V - a piece from Xom's chessboard (15/15)


   Skills:
 - Level 10.0(15.0) Fighting
 - Level 10.0(15.0) Throwing
 + Level 2.4(7.4) Armour
 - Level 7.5(12.5) Dodging
 - Level 1.0(6.0) Stealth
 - Level 21.0(26.0) Unarmed Combat
 - Level 10.0 Invocations


You had 13 spell levels left.
You knew the following spells:

 Your Spells              Type           Power      Damage    Failure   Level
b - Passwall              Tmut/Erth      0%         N/A       86%         2

Your spell library contained the following spells:

 Spells                   Type           Power      Damage    Failure   Level
 Apportation              Tloc           0%         N/A       73%         1
 Beastly Appendage        Tmut           0%         N/A       73%         1
 Magic Dart               Conj           0%         1d3       73%         1
 Sting                    Tmut/Pois      0%         1d3       73%         1
 Corpse Rot               Necr/Air       0%         N/A       86%         2
 Poisonous Vapours        Pois/Air       0%         N/A       86%         2
 Wereblood                Tmut           0%         N/A       86%         2
 Dazzling Flash           Conj/Hex       0%         N/A       97%         3
 Gell's Gravitas          Tloc           0%         N/A       97%         3
 Ignite Poison            Fire/Tmut/Pois 0%         N/A       97%         3
 Lesser Beckoning         Tloc           0%         N/A       97%         3
 Mephitic Cloud           Conj/Pois/Air  0%         N/A       97%         3
 Spider Form              Tmut/Pois      0%         N/A       97%         3
 Stone Arrow              Conj/Erth      0%         3d7       97%         3
 Swiftness                Air            0%         N/A       97%         3
 Teleport Other           Tloc           0%         N/A       97%         3
 Cause Fear               Hex            0%         N/A       100%        4
 Dispel Undead            Necr           0%         3d6       100%        4
 Iskenderun's Mystic Bla  Conj/Tloc      0%         2d3       100%        4
 Olgreb's Toxic Radiance  Pois           0%         N/A       100%        4
 Passage of Golubria      Tloc           0%         N/A       100%        4
 Agony                    Necr           0%         N/A       100%        5
 Iskenderun's Battlesphe  Conj           0%         2d6       100%        5
 Silence                  Hex/Air        0%         N/A       100%        5
 Yara's Violent Unravell  Hex/Tmut       0%         3d3       100%        5
 Eringya's Noxious Bog    Tmut/Pois      0%         N/A       100%        6
 Iron Shot                Conj/Erth      0%         9d1       100%        6
 Statue Form              Tmut/Erth      0%         N/A       100%        6
 Dragon Form              Tmut           0%         N/A       100%        7
 Lehudib's Crystal Spear  Conj/Erth      0%         10d2      100%        8
 Chain Lightning          Conj/Air       0%         N/A       100%        9
 Shatter                  Erth           0%         3d5*      100%        9
 Animate Skeleton         Necr           Unusable   N/A       N/A         1
 Summon Small Mammal      Summ           Unusable   N/A       N/A         1
 Call Imp                 Summ           Unusable   N/A       N/A         2
 Animate Armour           Summ/Erth      Unusable   N/A       N/A         4
 Death Channel            Necr           Unusable   N/A       N/A         6
 Spellforged Servitor     Conj/Summ      Unusable   N/A       N/A         7
 Dragon's Call            Summ           Unusable   N/A       N/A         9

Dungeon Overview and Level Annotations

Branches:
Dungeon (15/15)            Temple (1/1) D:4            Lair (6/6) D:8
  Swamp (3/4) Lair:2       Spider (1/4) Lair:4        Slime (0/5) Lair:5
    Orc (2/2) D:12            Elf (0/3) Orc:2        Vaults (0/5) D:13
 Depths (0/4) D:15          IceCv (visited)         Gauntlet (visited)

Altars:
Ashenzari
Cheibriados
Dithmenos
Elyvilon
Fedhas
Hepliaklqana
Kikubaaqudgha
Nemelex Xobeh
Okawaru
Qazlal
Ru
Trog
Uskayaw
Vehumet
Wu Jian
Xom
Yredelemnul
Zin
The Shining One
Beogh

Shops:
D:7 [   D:13 :   D:14 *   Orc:2 [[(!!

Annotations:
D:5 knorpule3000's ghost, novice DrWz
Lair:3 exclusion: oklob plant
Swamp:2 Roxanne
Orc:1 2 transporters, Anuhiqid's ghost, journeyman TeBe


Innate Abilities, Weirdness & Mutations

You are too large for most types of armour.
You have claws for hands.
Your natural rate of healing is unusually fast.
You are covered in fur. (AC +1)
You have tough skin. (AC +1)


Message History

The wolf spider bites you.
You barely miss the wolf spider.
The wolf spider is heavily wounded.
You feel sick. The tarantella touches you!
You are confused.
The wolf spider closely misses you.
The wolf spider bites you but does no damage.
You're too confused to move!
You feel very sick. The wolf spider hits you!
The wolf spider bites you but does no damage.
The pharaoh ant waves its antennae.
You bump into the rock wall.
You feel a strong urge to attack something.
You feel very sick.
The meliai invokes the aid of its god against you.
Something smites you! The pharaoh ant bites you.
You feel drained.
You bump into the rock wall.
You feel sick. The pharaoh ant bites you.
You feel drained.
You're too confused to move!
You feel your anger nearly subside.
You are no longer berserk.
You are exhausted.
You feel yourself slow down.
You feel sick.
The meliai mumbles some strange prayers to its god against you.
Something smites you!
* * * LOW HITPOINT WARNING * * *
The tarantella touches you but does no damage.
The wolf spider closely misses you. x2; The pharaoh ant bites you!
* * * LOW HITPOINT WARNING * * *
You feel drained.
* * * LOW HITPOINT WARNING * * *
You are too confused!
You bump into the rock wall.
You feel very sick. The tarantella barely misses you. The wolf spider hits you!
* * * LOW HITPOINT WARNING * * *
The wolf spider barely misses you.
The pharaoh ant bites you but does no damage.
The tarantella touches you.
You die...

*,,**,,,,,,,,,**
,,,,*,,,,,,,,,,*
,,,***,,,,,,,,** ,,**
**,,,,,***
,*******,,,,,,**
****,*,,,,,,,,,*
**,,,,,,,,,,,####
*,,*,,,,,,^###ss###
*,,**,,,,,*#ysB@..###
**,,***,,,#.sy##....#
**,,,**,,#.(.*##...#
*,,,,***#(.#**##..##
**,,,,,....,^*##...##
####*,,,.....,,,#.....#
##..#*,,...#.,,,,##....#
#...###,.s###*,>**##...#
#.....#,,,s**######..###


You could see 2 wolf spiders, a pharaoh ant, 2 tarantellas and 2 meliai.

Vanquished Creatures
  A golden dragon (Arena)
  Kirke (Arena)
  An orc warlord (Orc:2)
  4 eleionomae
  Nessos (D:15)
  A dire elephant (Lair:6)
  A bunyip (Swamp:2)
  A minotaur (Gauntlet)
  Azrael (D:15)
  An ettin (D:15)
  A fire dragon (Lair:6)
  Josephine (D:15)
  A shambling mangrove (Swamp:1)
  A rakshasa (D:13)
  5 ice dragons (IceCv)
  12 hydras
  Fannar (D:10)
  A vault guard (D:13)
  3 boulder beetles
  Erica (D:8)
  2 centaur warriors (D:15)
  A two-headed ogre (D:11)
  6 alligators
  A death knight (Arena)
  2 tengu warriors (D:15)
  A death yak (Lair:4)
  An orc high priest (Orc:2)
  A pharaoh ant (Spider:1)
  3 goliath frogs
  A spriggan druid (Swamp:1)
  An orb spider (Spider:1)
  4 swamp dragons
  2 bog bodies (Swamp:3)
  2 deep elf pyromancers
  4 orc knights
  A necromancer (D:15)
  Pikel (D:7)
  A cyclops (D:13)
  3 will-o-the-wisps
  3 wolf spiders (Spider:1)
  2 orc sorcerers
  3 manticores
  10 ugly things
  3 elephants (Lair:1)
  Joseph (D:8)
  3 torpor snails
  A guardian serpent (shapeshifter) (D:15)
  4 black mambas
  9 cane toads
  A smoke demon (Gauntlet)
  4 storm dragon simulacra (IceCv)
  8 rime drakes
  8 komodo dragons
  A yaktaur (shapeshifter) (D:14)
  An efreet (D:13)
  A freezing wraith (D:13)
  A kobold demonologist (D:11)
  6 golden dragon simulacra (IceCv)
  13 trolls
  2 tengu conjurers (D:15)
  A bloated husk (Swamp:1)
  4 meliai
  12 polar bears
  9 hornets
  8 tyrant leeches
  10 slime creatures
  2 tarantellas (Spider:1)
  5 blink frogs (Lair:1)
  A centaur simulacrum (D:10)
  4 jumping spiders (Spider:1)
  7 spriggans
  A culicivora (Spider:1)
  5 shadows
  4 water elementals (D:12)
  38 yaks
  3 wyverns
  8 wraiths
  10 redbacks (Spider:1)
  3 basilisks
  A fire elemental (D:15)
  6 humans (D:14)
  3 steam dragons (Lair:6)
  9 vampire mosquitoes
  11 wargs
  An acid dragon (D:11)
  13 swamp worms
  14 water moccasins
  19 hell hounds
  35 orc warriors
  2 sky beasts (D:7)
  2 swamp drakes
  An ice beast (D:8)
  2 necrophages
  12 black bears
  5 ice dragon simulacra (IceCv)
  7 ogres
  28 wolves
  13 centaurs
  2 kobold brigands (D:11)
  5 bullfrogs
  A wyvern zombie (D:7)
  A wyvern skeleton (D:7)
  A water moccasin skeleton (D:2)
  6 lindwurm simulacra (IceCv)
  10 killer bees
  4 wights (D:9)
  4 howler monkeys
  2 electric eels (D:12)
  4 crimson imps (Gauntlet)
  4 centaur zombies
  28 orc priests
  2 jellies
  5 hounds
  A bullfrog skeleton (D:5)
  A centaur skeleton (D:7)
  Ijyb (D:3)
  6 iguanas
  19 orc wizards
  A hound zombie (D:5)
  A howler monkey zombie (D:5)
  Robin (D:2)
  3 adders
  9 gnolls
  2 shadow imps
  An ufetubus (D:7)
  An adder skeleton (D:4)
  A worm (D:2)
  A dart slug (D:2)
  100 orcs
  A bat (D:2)
  6 endoplasms
  5 giant cockroaches
  18 goblins
  7 hobgoblins
  5 jackals (D:1)
  7 quokkas
  12 ball pythons
  5 frilled lizards
  11 kobolds
  5 rats
792 creatures vanquished.

Vanquished Creatures (others)
  A bloated husk (Swamp:3)
  A swamp worm (Swamp:3)
  A swamp drake (Swamp:3)
  An orc (D:12)
  12 foxfires
  18 fungi
  63 plants
  2 withered plants (D:5)
99 creatures vanquished.

Grand Total: 891 creatures vanquished

Notes
Turn   | Place    | Note
-------+----------+-------------------------------------------
     0 | D:1      | Cheeritup the Troll Monk began the quest for the Orb.
     0 | D:1      | Reached XP level 1. HP: 22/22 MP: 0/0
    75 | D:1      | Reached XP level 2. HP: 20/29 MP: 1/1
   217 | D:1      | Reached skill level 4 in Unarmed Combat
   250 | D:1      | Reached XP level 3. HP: 36/36 MP: 2/2
   255 | D:1      | Found a faded altar of an unknown god.
   490 | D:2      | Reached skill level 5 in Unarmed Combat
   490 | D:2      | Reached XP level 4. HP: 34/44 MP: 3/3
   755 | D:2      | Noticed Robin
   785 | D:2      | Killed Robin
   786 | D:2      | Reached XP level 5. HP: 26/50 MP: 4/4
  1261 | D:3      | Noticed Ijyb
  1270 | D:3      | Killed Ijyb
  1271 | D:3      | Reached skill level 6 in Unarmed Combat
  1937 | D:4      | Got the Tome of Excruciating Sinister Magic
  1996 | D:4      | Found a sparkling altar of Nemelex Xobeh.
  2132 | D:4      | Found a staircase to the Ecumenical Temple.
  2143 | D:4      | Reached XP level 6. HP: 49/59 MP: 5/5
  2158 | Temple   | Entered the Ecumenical Temple
  2162 | Temple   | Reached skill level 7 in Unarmed Combat
  2389 | Temple   | Became a worshipper of Warmaster Okawaru
  2389 | Temple   | Reached * piety under Okawaru
  2389 | Temple   | Reached ** piety under Okawaru
  2519 | D:4      | Identified the +4 ring mail of Valiance {+Blink rElec Will+
                  | Stlth+}
  3072 | D:5      | Entered Level 5 of the Dungeon
  3290 | D:5      | Reached skill level 8 in Unarmed Combat
  3290 | D:5      | Reached XP level 7. HP: 55/66 MP: 6/6
  3615 | D:5      | Got the Guide on Shape Shifting
  3618 | D:5      | Learned a level 1 spell: Beastly Appendage
  3653 | D:5      | Reached skill level 9 in Unarmed Combat
  3661 | D:5      | Found a runed translucent door.
  3665 | D:5      | Noticed knorpule3000's ghost (novice DrWz)
  4425 | D:6      | Upgraded the game from 0.28-a0-1396-gdcb3f3653b to
                  | 0.28-a0-1406-ga8dd43b1d0
  4664 | D:6      | Reached skill level 1 in Throwing
  4664 | D:6      | Reached skill level 1 in Invocations
  4673 | D:6      | Reached XP level 8. HP: 45/74 MP: 5/7
  4944 | D:6      | Learned a level 2 spell: Passwall
  5087 | D:7      | Reached *** piety under Okawaru
  5140 | D:7      | Reached skill level 10 in Unarmed Combat
  5506 | D:7      | Reached XP level 9. HP: 80/80 MP: 11/11
  5641 | D:7      | Found Xyustrol's Armour Shop.
  5679 | D:7      | Bought an orb of wrath for 156 gold pieces
  5773 | D:8      | Found an ancient bone altar of Kikubaaqudgha.
  5806 | D:8      | Reached **** piety under Okawaru
  5857 | D:8      | Found a staircase to the Lair.
  6024 | D:8      | Reached skill level 11 in Unarmed Combat
  6091 | D:8      | Identified the +4 flail of the Scorching Blowfly {vorpal,
                  | rC+}
  6117 | D:8      | Noticed Erica
  6137 | D:8      | Killed Erica
  6138 | D:8      | Reached skill level 12 in Unarmed Combat
  6164 | D:8      | Noticed Pikel
  6184 | D:7      | Killed Pikel
  6184 | D:7      | Received a gift from Okawaru
  6185 | D:7      | Reached XP level 10. HP: 91/91 MP: 4/12
  6271 | D:8      | Reached skill level 5 in Invocations
  6453 | D:8      | Found a sacrificial altar of Ru.
  6491 | D:8      | Noticed Joseph
  6500 | D:8      | Killed Joseph
  7019 | D:9      | Found a hazy altar of Hepliaklqana.
  7260 | D:10     | Entered Level 10 of the Dungeon
  7495 | D:10     | Received a gift from Okawaru
  7602 | D:10     | Reached skill level 13 in Unarmed Combat
  7862 | D:10     | Noticed Fannar
  7872 | D:10     | Killed Fannar
  7872 | D:10     | Reached ***** piety under Okawaru
  7978 | D:10     | Found an ornate altar of the Wu Jian Council.
  7986 | D:10     | Received a gift from Okawaru
  7987 | D:10     | Reached skill level 5 in Fighting
  7987 | D:10     | Reached skill level 5 in Dodging
  8229 | D:11     | Noticed a manticore
  8240 | D:11     | Killed a manticore
  8241 | D:11     | Reached XP level 11. HP: 85/102 MP: 12/14
  8569 | D:11     | Noticed a boulder beetle
  8635 | D:11     | Killed a boulder beetle
  9006 | D:11     | Noticed a two-headed ogre
  9015 | D:11     | Killed a two-headed ogre
  9015 | D:11     | Received a gift from Okawaru
  9835 | Lair:1   | Entered Level 1 of the Lair of Beasts
  9850 | Lair:1   | Reached skill level 14 in Unarmed Combat
 10393 | Lair:1   | Received a gift from Okawaru
 10510 | Lair:1   | Received a gift from Okawaru
 10511 | Lair:1   | Reached skill level 5 in Throwing
 10992 | Lair:1   | Reached XP level 12. HP: 111/118 MP: 13/16
 10995 | Lair:1   | Received a gift from Okawaru
 11258 | Lair:2   | Found a staircase to the Swamp.
 11269 | Lair:2   | Reached skill level 15 in Unarmed Combat
 11402 | Lair:2   | Noticed a five-headed hydra
 11634 | Lair:2   | Killed a five-headed hydra
 12435 | Lair:3   | Identified a scroll of acquirement
 12435 | Lair:3   | Acquired 832 gold pieces
 12771 | Lair:3   | Found an ornate altar of the Wu Jian Council.
 12816 | Lair:3   | Noticed a seven-headed hydra
 12827 | Lair:3   | Killed a seven-headed hydra
 13257 | Lair:4   | Noticed a five-headed hydra
 13673 | Lair:4   | Noticed a five-headed hydra
 13680 | Lair:4   | Killed a six-headed hydra
 13730 | Lair:4   | Killed a nine-headed hydra
 13794 | Lair:4   | Noticed a death yak
 13799 | Lair:4   | Killed a death yak
 13800 | Lair:4   | Reached skill level 10 in Invocations
 13841 | Lair:4   | Reached XP level 13. HP: 124/124 MP: 19/19
 13864 | Lair:4   | Found a hole to the Spider Nest.
 14258 | Lair:5   | Found a staircase to the Slime Pits.
 14558 | Lair:5   | Received a gift from Okawaru
 15349 | Lair:6   | Entered Level 6 of the Lair of Beasts
 15389 | Lair:6   | Received a gift from Okawaru
 15657 | Lair:6   | Received a gift from Okawaru
 16326 | Lair:6   | Identified the +3 battleaxe of Huepy {vamp, Str+7} (Okawaru
                  | gifted it to you on level 6 of the Lair of Beasts)
 16326 | Lair:6   | Received a gift from Okawaru
 16375 | Lair:6   | Reached skill level 16 in Unarmed Combat
 16496 | Lair:6   | Noticed a dire elephant
 16525 | Lair:6   | Killed a dire elephant
 17290 | Lair:6   | Noticed a fire dragon
 17302 | Lair:6   | Killed a fire dragon
 17302 | Lair:6   | Received a gift from Okawaru
 17835 | D:12     | Reached XP level 14. HP: 137/137 MP: 20/20
 18184 | D:12     | Reached skill level 17 in Unarmed Combat
 18839 | D:12     | Found a staircase to the Orcish Mines.
 18875 | Orc:1    | Entered Level 1 of the Orcish Mines
 19122 | Orc:1    | Found a transporter.
 19136 | Orc:1    | Found a transporter.
 19139 | Orc:1    | Noticed Anuhiqid's ghost (journeyman TeBe)
 19874 | Orc:2    | Entered Level 2 of the Orcish Mines
 20023 | Orc:2    | Found Elaet's Distillery.
 20038 | Orc:2    | Bought 2 potions of haste for 260 gold pieces
 20121 | Orc:2    | Found Dabinker's Distillery.
 20132 | Orc:2    | Bought a potion of berserk rage for 50 gold pieces
 20132 | Orc:2    | Bought a potion of heal wounds for 50 gold pieces
 20151 | Orc:2    | Found a staircase to the Elven Halls.
 20193 | Orc:2    | Found a gate leading to a gauntlet.
 20200 | Gauntlet | Entered a Gauntlet
 20200 | Gauntlet | Found a transporter.
 20200 | Gauntlet | Found a transporter.
 20203 | Gauntlet | Found a transporter.
 20203 | Gauntlet | Found a transporter.
 20207 | Gauntlet | Found a transporter.
 20207 | Gauntlet | Found a transporter.
 20290 | Gauntlet | Found a runed translucent gate.
 20290 | Gauntlet | Found a runed translucent gate.
 20290 | Gauntlet | Found a runed translucent gate.
 20295 | Gauntlet | Found a transporter.
 20295 | Gauntlet | Found a transporter.
 20299 | Gauntlet | Found a transporter.
 20300 | Gauntlet | Found a transporter.
 20411 | Gauntlet | Found a transporter.
 20413 | Gauntlet | Found a transporter.
 20618 | Gauntlet | Identified the +2 cloak of Foolhardiness {-Cast Harm *Slow
                  | Dex+8}
 20619 | Gauntlet | Got the Incunabulum of Contamination
 20729 | Orc:2    | Found Kyng's Armour Shoppe.
 21159 | Orc:2    | Noticed an orc warlord
 21165 | Orc:2    | Identified the +8 glaive of Awkwardness {freeze, Fly rC+}
                  | (Okawaru gifted it to you on level 2 of the Orcish Mines)
 21165 | Orc:2    | Received a gift from Okawaru
 21524 | Orc:2    | Killed an orc warlord
 21530 | Orc:2    | Found Alurog's Antique Armour Shoppe.
 21534 | Orc:2    | Found Syqazol's Antique Weapon Emporium.
 21607 | Orc:2    | Bought a runed cloak for 285 gold pieces
 21607 | Orc:2    | Bought a glowing orb for 456 gold pieces
 21607 | Orc:2    | Bought an embroidered hat for 266 gold pieces
 21607 | Orc:2    | Bought a runed robe for 140 gold pieces
 22041 | D:13     | Found a gate to the Vaults.
 22120 | Arena    | Entered the Arena
 22240 | D:13     | Found Mutotzog's Book Shop.
 22245 | D:13     | Bought the Collected Works on Transmigration for 330 gold
                  | pieces
 22245 | D:13     | Bought a book of the Senses for 480 gold pieces
 22334 | D:13     | Reached skill level 10 in Fighting
 23208 | D:14     | Received a gift from Okawaru
 23208 | D:14     | Found the +3 robe of Clouds {*Thunder rCloud rElec}
 23537 | D:14     | Identified the +9 chain mail "Etiklish" {+Blink rPois}
 23609 | D:14     | Found Gidumux's Neck Hole.
 23703 | D:14     | Noticed Kirke
 23704 | Arena    | Entered the Arena
 23709 | Arena    | Killed Kirke
 24254 | D:15     | Entered Level 15 of the Dungeon
 24374 | D:15     | Reached skill level 18 in Unarmed Combat
 24704 | D:15     | Reached XP level 15. HP: 119/149 MP: 16/21
 24706 | D:15     | Noticed Azrael
 24713 | D:15     | Noticed Nessos
 24774 | D:15     | Killed Nessos
 25010 | D:15     | Noticed Josephine
 25028 | D:15     | Killed Josephine
 25395 | D:15     | Found a staircase to the Depths.
 25706 | D:15     | Reached skill level 19 in Unarmed Combat
 25713 | D:15     | Killed Azrael
 26193 | Swamp:1  | Entered Level 1 of the Swamp
 27629 | Swamp:2  | Received a gift from Okawaru
 27735 | Swamp:2  | Identified Roxanne's Disquisition on the Rocks
 27735 | Swamp:2  | Noticed Roxanne
 27945 | Swamp:2  | Reached skill level 20 in Unarmed Combat
 28860 | Swamp:3  | HP: 6/149 [six-headed hydra (8)]
 29251 | Swamp:3  | Got Lehudib's Compendium of the Rocks
 29276 | Swamp:3  | Received a gift from Okawaru
 29672 | Spider:1 | Entered Level 1 of the Spider Nest
 29852 | Spider:1 | Found a frozen archway.
 29862 | IceCv    | Entered an ice cave
 29969 | IceCv    | Received a gift from Okawaru
 30110 | IceCv    | Identified the +8 scimitar of Math {flame, Int+3 Dex+8}
 30188 | IceCv    | Reached XP level 16. HP: 85/158 MP: 10/22
 30418 | IceCv    | Noticed a golden dragon
 30429 | Arena    | Entered the Arena
 30431 | Arena    | Killed a golden dragon
 30466 | IceCv    | Received a gift from Okawaru
 30479 | IceCv    | Reached skill level 10 in Throwing
 30479 | IceCv    | Reached skill level 21 in Unarmed Combat
 30599 | IceCv    | Identified the amulet of Jisupino {Rampage rPois rC- Regen+
                  | rCorr}
 30902 | Spider:1 | Reached skill level 1 in Armour
 31363 | Spider:1 | HP: 1/150 [wolf spider[a torpor snail] (16)]
 31363 | Spider:1 | Slain by a tarantella

Illustrated notes

Levels and vault maps discovered:
D:1:      dpeg_arrival_long_road, layout_rooms,
          nicolae_ecumenical_snake_handling
D:2:      layout_basic, minmay_tromino_v4_a, uniq_robin
D:3:      layout_rooms, chequers_serial_rivers_large_b, moated_statue, uniq_ijyb
D:4:      layout_basic, mainiacjoe_overflow_cross_hatched,
          minmay_temple_entry_proselytizer
D:5:      layout_basic, gammafunk_ghost_grave
D:6:      layout_basic
D:7:      layout_gridville, kennysheep_windowed_goal
D:8:      layout_cave_pools, nicolae_kikubaaqudgha_miasma_corner,
          hangedman_ru_absence, nicolae_overflow_hidden_temple,
          erik_lair_orcish_takeover, uniq_joseph, uniq_erica, uniq_pikel
D:9:      layout_cave_pools, mainiacjoe_overflow_alcove_1
D:10:     layout_basic, nicolae_wu_jian_immortal_techniques, uniq_fannar
D:11:     minmay_inner_zag, layout_layer_cave
D:12:     layout_irregular_city, erik_orc_2
D:13:     layout_cave_pods, david_vaults_5, serial_shops, kennysheep_little_box,
          minmay_misc_feat_plants
D:14:     layout_roguey, chequers_decorated_corner,
          nicolae_shop_sticking_my_neck_out, uniq_kirke
D:15:     hangedman_depths_entry_civil_slaughter, layout_layer_cave,
          uniq_azrael, uniq_josephine, uniq_nessos
Temple:   eino_temple_water
Lair:1:   layout_chaotic_city, beast_lair_carwin_7, grunt_megastairs_2
Lair:2:   layout_small_grid, minmay_swamp_entry_worms
Lair:3:   layout_cave_pods, nicolae_lair_grove_arrangements, lemuel_oklob_altar
Lair:4:   layout_long_grid, spider_nest_entry_web_field,
          hangedman_lair_unloving_vines
Lair:5:   layout_roguey, slime_dummy
Lair:6:   hangedman_lair_caniforms_friends, layout_regular_city,
          guppyfry_lair_end_dragon, minmay_lair_drake_nest,
          infiniplex_staircase_pool_2
Swamp:1:  layout_basic_swamp, evilmike_swamp_ruin_rubble_2, swamp_pool3
Swamp:2:  layout_falls_marsh, nicolae_swamp_very_dense_foliage,
          nicolae_swamp_bean_lake, infiniplex_staircase_pool, uniq_roxanne
Swamp:3:  layout_basic_swamp, evilmike_swamp_ruin_house_6
Spider:1: layout_spider_delve, portal_ice_cave_entry_pillars_2
Orc:1:    layout_caves, gammafunk_ghost_stat_death
Orc:2:    grunt_orc_community_town_hall, layout_diamond_mine,
          grunt_orc_community_big_house_1, grunt_orc_community_big_house_2,
          grunt_orc_community_house_3, grunt_orc_community_house_1,
          grunt_orc_community_house_1, grunt_orc_community_house_2,
          grunt_orc_community_house_3, serial_shops, shop,
          gauntlet_entry_generic, minmay_orc_temple_a

Skill      XL: |  1  2  3  4  5  6  7  8  9 10 11 12 13 14 15 16 |
---------------+-------------------------------------------------+-----
Unarmed Combat | 4 5 6 8 9 10 12 13 14 15 16 18 20 21 | 21.0
Throwing       | 1 4 5 7 9 10 | 10.0
Invocations    | 1 4 5 7 10 | 10.0
Dodging        | 3 5 7 |  7.5
Fighting       | 3 5 7 8 10 | 10.0
Armour         | 2 |  2.4
Stealth        | |  1.0

Action                   |  1- 3 |  4- 6 |  7- 9 | 10-12 | 13-15 | 16-18 || total
-------------------------+-------+-------+-------+-------+-------+-------++-------
Melee: Unarmed           |    80 |   183 |   225 |   378 |  1255 |    81 ||  2202
       Punch             |     1 |     4 |     5 |       |       |       ||    10
       Kick              |       |       |     2 |     5 |       |       ||     7
       Headbutt          |       |       |     2 |     2 |       |       ||     4
 Fire: Hunting sling     |       |       |     4 |       |       |       ||     4
Throw: Dart              |       |       |       |    51 |   118 |       ||   169
       Boomerang         |       |       |       |    97 |    66 |       ||   163
       Javelin           |       |       |       |    15 |    23 |       ||    38
       Large rock        |       |       |       |       |    58 |     2 ||    60
       Throwing net      |       |       |       |       |     1 |       ||     1
 Cast: Beastly Appendage |       |       |     4 |     5 |       |       ||     9
Invok: Heroism           |       |       |     6 |    13 |    19 |     2 ||    40
       Finesse           |       |       |     1 |     2 |     8 |     1 ||    12
       Duel              |       |       |       |       |     2 |     1 ||     3
Evoke: Wand              |       |       |       |    10 |    14 |       ||    24
       Condenser vane    |       |       |       |     2 |     2 |       ||     4
       Phial of floods   |       |       |       |       |     1 |       ||     1
  Use: Scroll            |       |     5 |    13 |    12 |    19 |     1 ||    50
       Potion            |       |       |     2 |     1 |     6 |     2 ||    11
 Stab: Sleeping          |     1 |     4 |     1 |       |     1 |       ||     7
       Invisible         |       |       |     1 |     2 |     2 |       ||     5
       Confused          |       |       |       |     1 |     2 |       ||     3
       Distracted        |       |       |       |       |     1 |       ||     1
Armor: Robe              |    26 |    11 |       |       |       |       ||    37
       Animal skin       |       |    40 |   102 |    29 |       |       ||   171
       Troll leather arm |       |       |       |    67 |   300 |       ||   367
       Swamp dragon scal |       |       |       |       |    75 |     2 ||    77
       Ice dragon scales |       |       |       |       |    19 |    60 ||    79
Dodge: Dodged            |    42 |    64 |   123 |   163 |   861 |    35 ||  1288
       Repelled          |       |       |       |       |     6 |       ||     6

Table legend: (Time is in decaauts)
 A = Elapsed time spent in this place.
 B = Non-inter-level travel time spent in this place.
 C = Inter-level travel time spent in this place.
 D = Time resting spent in this place.
 E = Time spent auto-exploring this place.
 F = Levels seen in this place.
 G = Mean time per level.
                   A        B        C        D        E       F      G
               +--------+--------+--------+--------+--------+-----+--------+
         Total |  32384 |  30806 |   1578 |   7286 |  13233 |  33 |  981.3 |
       Dungeon |  15437 |  14688 |    749 |   2430 |   7577 |  15 | 1029.1 |
        Temple |    245 |    241 |      4 |      0 |    200 |   1 |  245.0 |
          Lair |   8164 |   7682 |    482 |   2151 |   3182 |   6 | 1360.7 |
         Swamp |   3759 |   3607 |    152 |   1463 |    882 |   3 | 1253.0 |
   Spider Nest |    817 |    723 |     94 |    189 |    228 |   1 |  817.0 |
  Orcish Mines |   2566 |   2470 |     96 |    489 |   1164 |   2 | 1283.0 |
      Ice Cave |    872 |    872 |      0 |    360 |      0 |   1 |  872.0 |
      Gauntlet |    449 |    449 |      0 |    162 |      0 |   1 |  449.0 |
         Arena |     73 |     73 |      0 |     40 |      0 |   3 |   24.3 |
               +--------+--------+--------+--------+--------+-----+--------+

Top non-repeatable levels by time:
  Lair:6: 2191 daAuts
    D:15: 1801 daAuts
 Swamp:2: 1682 daAuts
    D:11: 1628 daAuts
   Orc:2: 1556 daAuts
  Lair:1: 1468 daAuts
     D:5: 1341 daAuts
    D:13: 1328 daAuts
    D:12: 1316 daAuts
 Swamp:1: 1302 daAuts
  Lair:2: 1264 daAuts
  Lair:4: 1232 daAuts
  Lair:5: 1167 daAuts
    D:14: 1166 daAuts
    D:10: 1070 daAuts
